 Dungeon Crawl Stone Soup version 0.32-a0-986-ga09f62fbf4 (webtiles) character file.

Game seed: 11633995689539388362

115 jasper the Firebug (level 4, -3/33 HPs)
             Began as a Mountain Dwarf Fire Elementalist on Apr 20, 2024.
             Slain by a gnoll
             ... wielding a +0 spear
              (4 damage)
             ... on level 3 of the Dungeon on Apr 21, 2024.
             The game lasted 00:05:31 (3191 turns).

jasper the Firebug (MDFE)                           Turns: 3191, Time: 00:05:31

Health: -3/33      AC:  5    Str: 10    XL:     4   Next: 68%
Magic:  4/6        EV:  9    Int: 18    God:
Gold:   197        SH:  0    Dex: 10    Spells: 0/6 levels left

rFire   . . .        m - +2 whip (elec)
rCold   . . .        (no shield)
rNeg    . . .        q - +0 ring mail
rPois   .            (no helmet)
rElec   .            (no cloak)
rCorr   .            (no gloves)
SInv    .            (no boots)
Will    .....        (no amulet)
Stlth   +            (no ring)
HPRegen 0.25/turn    (no ring)
MPRegen 0.10/turn

%: no passive effects
@: no status effects
A: runic magic, artefact enchanting
a: no special abilities


You were on level 3 of the Dungeon.
You visited 1 branch of the dungeon, and saw 3 of its levels.

You collected 197 gold pieces.

Inventory:

Hand Weapons
 g - a +0 spear
 m - a +2 whip of electrocution (weapon)
 n - a +0 dagger of venom
Missiles
 f - 71 stones
 l - 2 boomerangs
Armour
 a - a +0 robe
 q - a +0 ring mail (worn)
Jewellery
 i - a +5 ring of evasion
 r - a ring of flight
Wands
 e - a wand of light (5)
Scrolls
 c - 3 scrolls of enchant armour {unknown}
 j - a scroll of fear {unknown}
 k - 2 scrolls of vulnerability
 o - a scroll of noise {unknown}
Potions
 d - a potion of curing {unknown}
 h - 2 potions of heal wounds {unknown}
 p - 2 potions of enlightenment {unknown}


   Skills:
 - Level 1.3 Dodging
 - Level 1.4 Stealth
 - Level 1.7 Spellcasting
 - Level 0.8 Conjurations
 + Level 1.5 Translocations
 - Level 6.1 Fire Magic


You couldn't memorise any spells.
You knew the following spells:

 Your Spells              Type           Power      Damage    Failure   Level
a - Foxfire               Conj/Fire      56%        2x1d6     5%          1
b - Scorch                Fire           46%        2d6       3%          2
c - Volatile Blastmotes   Fire/Tloc      30%        2d12      16%         3

Your spell library contained the following spells:

 Spells                   Type           Power      Damage    Failure   Level
 Inner Flame              Hex/Fire       12%        N/A       21%         3
 Flame Wave               Conj/Fire      14%        2d6       50%         4


Dungeon Overview and Level Annotations

Branches:
Dungeon (3/15)

Altars:
Hepliaklqana


Innate Abilities, Weirdness & Mutations

Your spellcasting is much less encumbered by armour.
You can use scrolls of enchantment on lesser artefacts.


Message History

The gnoll hits you from afar with a +0 spear.
The foxfire hits the gnoll but does no damage.
The gnoll is lightly wounded.
The kobold hits you with a +0 club.
You take 8 damage, and have 20/33 hp.
MASSIVE DAMAGE!!
You now have 0/6 mp.
You closely miss the gnoll.
The gnoll is lightly wounded.
The foxfire hits the gnoll.
The gnoll is heavily wounded.
The gnoll hits you from afar with a +0 spear.
The kobold hits you but does no damage.
You take 2 damage, and have 18/33 hp.
You hit the gnoll.
You kill the gnoll!
The gnoll hits you from afar with a +0 spear.
The kobold hits you with a +0 club. The gnoll barely misses you.
You take 6 damage, and have 12/33 hp.
You closely miss the kobold. The kobold misses you.
The gnoll hits you from afar with a +0 spear.
The kobold hits you with a +0 club.
* * * LOW HITPOINT WARNING * * *
You take 3 damage, and have 9/33 hp.
The gnoll attacks as it pursues you! The gnoll hits you but does no damage.
The kobold attacks as it pursues you! The kobold hits you with a +0 club.
* * * LOW HITPOINT WARNING * * *
You take 1 damage, and have 8/33 hp.
Magic courses through your body.
The gnoll hits you from afar with a +0 spear.
* * * LOW HITPOINT WARNING * * *
The kobold hits you with a +0 club.
* * * LOW HITPOINT WARNING * * *
You take 7 damage, and have 1/33 hp.
MASSIVE DAMAGE!!
MP restored: 6
Casting: Foxfire (safe; 5% risk of failure)
Confirm with . or Enter, or press ? or * to list all spells.
Flames lash the kobold.
The kobold is severely wounded.
The kobold's fire resistance burns away.
The gnoll hits you from afar with a +0 spear.
You die...

##### ######## ....##
##......# .....###.......#
......#........##+#
......#.........@.#
......'.........K)#
.)....#..........g#
......#........##'#
.....###.....†.#... ....##
##......#...#≈≈≈≈≈≈≈#
################...#≈≈≈≈≈≈≈#
≈≈≈≈≈≈≈≈≈≈≈≈≈≈≈#####≈≈≈≈≈≈≈#
≈≈≈≈~~≈≈≈≈≈≈≈≈≈≈≈~≈≈≈≈≈~≈≈~#


You could see a gnoll and a kobold (combustible).

Vanquished Creatures
  3 gnolls
  2 adders
  A dart slug (D:2)
  A ribbon worm (D:2)
  7 ball pythons
  2 endoplasms (D:1)
  2 giant cockroaches
  8 goblins
  6 hobgoblins
  2 bats (D:1)
  A frilled lizard (D:1)
  26 kobolds
  8 rats
69 creatures vanquished.

Vanquished Creatures (others)
  132 foxfires
132 creatures vanquished.

Grand Total: 201 creatures vanquished

Notes
Turn   | Place    | Note
-------+----------+-------------------------------------------
     0 | D:1      | jasper the Mountain Dwarf Fire Elementalist began the quest
                  | for the Orb.
     0 | D:1      | Reached XP level 1. HP: 14/14 MP: 3/3
    97 | D:1      | Reached skill level 4 in Fire Magic
   525 | D:1      | Reached XP level 2. HP: 20/20 MP: 1/4
   528 | D:1      | Learned a level 2 spell: Scorch
  1389 | D:2      | Found a hazy altar of Hepliaklqana.
  1395 | D:2      | Reached skill level 5 in Fire Magic
  1499 | D:2      | Upgraded the game from 0.32-a0-981-g384da2ce10 to
                  | 0.32-a0-986-ga09f62fbf4
  1577 | D:2      | Reached XP level 3. HP: 21/26 MP: 2/5
  2674 | D:3      | Reached skill level 6 in Fire Magic
  2674 | D:3      | Reached XP level 4. HP: 33/33 MP: 1/6
  2680 | D:3      | Learned a level 3 spell: Volatile Blastmotes
  3181 | D:3      | Reached skill level 1 in Translocations
  3190 | D:3      | HP: 1/33 [kobold/+0 club (3)]
  3191 | D:3      | Slain by a gnoll

Illustrated notes

Levels and vault maps discovered:
D:1:      dpeg_arrival_arbitrary_b, layout_basic, dk_noncrumbling_4,
          minmay_misc_feat_enclosed, grunt_decor_mini_mirrors, minivault_5
D:2:      layout_basic, basic_altar, minmay_puff
D:3:      minmay_goblin_kobold_castle, layout_basic

Skill      XL: |  1  2  3  4 |
---------------+-------------+-----
Fire Magic     | 4 5 6 |  6.1
Translocations | 1 |  1.5
Dodging        | |  1.3
Stealth        | |  1.4
Spellcasting   | |  1.7
Conjurations   | |  0.8

Action                     |  1- 3 |  4- 6 || total
---------------------------+-------+-------++-------
  Melee: Spear             |     1 |       ||     1
         Whip              |       |     5 ||     5
   Cast: Foxfire           |    55 |    32 ||    87
         Scorch            |    14 |     1 ||    15
    Use: Scroll            |     3 |       ||     3
         Potion            |       |     1 ||     1
 Armour: Robe              |     9 |       ||     9
         Ring mail         |     1 |    24 ||    25
  Dodge: Dodged            |     6 |     7 ||    13

Table legend: (Time is in decaauts)
 A = Elapsed time spent in this place.
 B = Non-inter-level travel time spent in this place.
 C = Inter-level travel time spent in this place.
 D = Time resting spent in this place.
 E = Time spent auto-exploring this place.
 F = Levels seen in this place.
 G = Mean time per level.
                   A        B        C        D        E       F      G
               +--------+--------+--------+--------+--------+-----+--------+
         Total |   3190 |   3123 |     67 |    229 |   2466 |   3 | 1063.3 |
       Dungeon |   3190 |   3123 |     67 |    229 |   2466 |   3 | 1063.3 |
               +--------+--------+--------+--------+--------+-----+--------+

Top non-repeatable levels by time:
     D:1: 1331 daAuts
     D:2: 1221 daAuts
     D:3: 637 daAuts
